 Dungeon Crawl Stone Soup version 0.27-a0-277-g024f7ef292 (webtiles) character file.

Game seed: 6335725331525136006

734 skwiii the Chopper (level 7, -7/59 HPs)
             Began as a Palentonga Chaos Knight on Feb 6, 2021.
             Was a Plaything of Xom.
             Mangled by a gnoll
             ... wielding a +0 halberd
              (18 damage)
             ... on level 4 of the Dungeon.
             The game lasted 00:18:03 (6001 turns).

skwiii the Chopper (Palentonga Chaos Knight)        Turns: 6001, Time: 00:18:06

Health: -7/59      AC: 19    Str: 14      XL:     7   Next: 45%
Magic:  6/6        EV:  6    Int:  9 (12) God:    Xom [*.....]
Gold:   152        SH:  0    Dex:  9      Spells: 6/6 levels left

rFire    . . .     SeeInvis +   a - +0 hand axe (chaos)
rCold    + . .     Faith    .   (no shield)
rNeg     . . .     Spirit   .   l - +0 ring mail
rPois    .         Reflect  .   (helmet restricted)
rElec    .         Harm     .   (no cloak)
rCorr    .         Rampage  .   y - +0 pair of gloves
Will     .....                  c - +0 barding
Stlth    ..........             (no amulet)
HPRegen  0.19/turn              x - ring of protection from cold
MPRegen  0.10/turn              (no ring)

@: curled up
A: large, antennae 1, rugged brown scales 3, see invisible, deformed body, frail
1, low mp 1, weak 2, no potion heal 1, roll 1, armoured tail, reflexive curl
a: Rolling Charge, Renounce Religion


You were on level 4 of the Dungeon.
You worshipped Xom.
You were a special plaything of Xom.
You visited 1 branch of the dungeon, and saw 4 of its levels.
You also visited: Sewer.

You collected 152 gold pieces.

Inventory:

Hand Weapons
 a - a +0 hand axe of chaos (weapon)
 g - a +0 short sword of draining
 p - a +0 hand axe
Missiles
 s - 54 stones
Armour
 b - a +2 leather armour
 c - a +0 barding (worn)
 l - a +0 ring mail (worn)
 y - a +0 pair of gloves (worn)
 A - a +1 buckler of poison resistance
Jewellery
 d - an uncursed ring of magical power {unknown}
 h - an uncursed ring of poison resistance {unknown}
 x - a ring of protection from cold (left hand)
Wands
 n - a wand of charming (15)
 v - a wand of paralysis (6)
 B - a wand of flame (11)
Scrolls
 f - 2 scrolls of random uselessness {unknown}
 k - 3 scrolls of identify
 o - 2 scrolls of remove curse
 r - a scroll of fear {unknown}
 t - a scroll of blinking {unknown}
 w - a scroll of immolation {unknown}
 z - 2 scrolls of fog {unknown}
Potions
 e - 2 potions of brilliance {unknown}
 i - a potion of lignification {unknown}
 j - 2 potions of attraction {unknown}
 m - 3 potions of curing {unknown}
 q - a potion of haste {unknown}
 u - a potion of cancellation {unknown}


   Skills:
 + Level 5.2 Fighting
 * Level 6.4 Axes
 + Level 3.5 Armour
 - Level 1.0 Dodging


You had 6 spell levels left.
You didn't know any spells.
Your spell library was empty.

Dungeon Overview and Level Annotations

Branches:
Dungeon (4/15)              Sewer (visited)
 Temple: D:4-7

Altars:
Ashenzari
Fedhas
Qazlal

Shops:
D:4 !

Annotations:
D:4 1 transporter


Innate Abilities, Weirdness & Mutations

You are completely covered in rugged brown scales. (AC +3, +7% HP)
You have supernaturally acute eyesight. (SInv)
Armour fits poorly on your strangely shaped body.
You can roll at nearby foes to attack.
You have a long armoured tail.
You curl defensively after being hit.
You have a pair of small antennae on your head.
You are frail. (-10% HP)
Your magical capacity is low. (-10% MP)
You are very weak. (Str -4)
Potions are less effective at restoring your health.


Message History

You barely miss the gnoll.
The gnoll is lightly wounded.
Your ring mail prevents you from hitting the gnoll.
You barely miss the gnoll. The gnoll hits you with a +0 halberd!
The gnoll hits you but does no damage. The gnoll hits you with a +0 spear.
The gnoll hits you from afar with a +0 halberd.
The gnoll barely misses you. x2
You hit the gnoll.
The gnoll suddenly stops moving!
You tail-slap the gnoll, but do no damage.
The gnoll is lightly wounded.
The gnoll hits you from afar with a +0 halberd.
The gnoll completely misses you.
The helpless gnoll fails to defend itself.
You hit the gnoll.
Nothing appears to happen.
The gnoll is moderately wounded.
The gnoll is no longer paralysed.
The gnoll hits you with a +0 halberd!
* * * LOW HITPOINT WARNING * * *
The gnoll hits you but does no damage.
The gnoll hits you from afar with a +0 halberd!!
You die...

####.###....................####.
#....................>...........
########...........##............
#..............#.........#
####.......#.###..........
#########.# #.......... #.#
#.......... ##########.#
#.......... .......@g..#
#.......... ........####
#......[... ###...gg# #########..
#.....# #....... #.....# #.......
##.....# #....... ###.....#
#....... #...### #....... #...
#.......


You could see 3 gnolls.

Vanquished Creatures
  An ogre (D:4)
  4 big kobolds (Sewer)
  An iguana (D:4)
  An orc wizard (D:4)
  2 worker ants (D:4)
  A gnoll (D:4)
  10 adders
  3 river rats (Sewer)
  6 oozes (Sewer)
  3 worms
  5 dart slugs
  3 leopard geckos
  8 orcs
  4 ball pythons (Sewer)
  10 giant cockroaches
  4 goblins
  8 hobgoblins
  10 jackals
  5 bats
  5 frilled lizards
  12 kobolds
  A quokka skeleton (D:4)
  12 rats
119 creatures vanquished.

Notes
Turn   | Place    | Note
-------+----------+-------------------------------------------
     0 | D:1      | skwiii the Palentonga Chaos Knight began the quest for the
                  | Orb.
     0 | D:1      | Reached XP level 1. HP: 20/20 MP: 1/1
   187 | D:1      | Reached XP level 2. HP: 22/27 MP: 2/2
   548 | D:1      | You fall into a shaft and drop 1 floor!
   686 | D:2      | XOM: silly message
   706 | D:2      | Reached XP level 3. HP: 33/33 MP: 3/3
  1598 | D:2      | Reached skill level 1 in Dodging
  1757 | D:2      | Found a broken altar of Ashenzari.
  1982 | D:2      | Reached XP level 4. HP: 37/42 MP: 4/4
  2063 | D:3      | Reached skill level 4 in Axes
  2121 | D:3      | XOM: noise
  2144 | D:3      | Found a glowing drain.
  2170 | Sewer    | Entered a sewer
  2208 | Sewer    | Noticed a big kobold
  2227 | Sewer    | Killed a big kobold
  2228 | Sewer    | Reached XP level 5. HP: 46/49 MP: 5/5
  2901 | Sewer    | XOM: potion effect (might)
  2908 | Sewer    | Reached skill level 5 in Axes
  2908 | Sewer    | Reached XP level 6. HP: 47/56 MP: 6/6
  2908 | Sewer    | XOM: smoke on damage
  3129 | Sewer    | XOM: silly message
  3133 | Sewer    | XOM: enchant monster (good)
  3171 | Sewer    | XOM: give mutations
  3171 | Sewer    | Gained mutation: You can roll at foes to attack. [Xom's
                  | grace]
  3171 | Sewer    | Gained mutation: You possess an exceptional clarity of
                  | mind. [Xom's grace]
  3171 | Sewer    | Gained mutation: You have a pair of small antennae on your
                  | head. [Xom's grace]
  3171 | Sewer    | Gained mutation: You are agile. (Dex +2) [Xom's grace]
  3564 | D:3      | Found a blossoming altar of Fedhas.
  3948 | D:3      | Found a stormy altar of Qazlal.
  4102 | D:4      | XOM: repel stairs
  4108 | D:4      | Gained mutation: You curl defensively after being hit.
                  | [Palentonga growth]
  4108 | D:4      | Reached XP level 7. HP: 61/64 MP: 7/7
  4110 | D:4      | XOM: polymorph ogre -> iguana
  4117 | D:4      | Reached skill level 5 in Fighting
  4117 | D:4      | Reached skill level 6 in Axes
  4231 | D:4      | Found a transporter.
  4256 | D:4      | Found a transporter.
  4291 | D:4      | XOM: chaos cloud
  4308 | D:4      | XOM: 2-stop teleportation journey
  4526 | D:4      | XOM: give mutations
  4526 | D:4      | Gained mutation: You can roll a great distance at foes to
                  | attack. [Xom's mischief]
  4526 | D:4      | Gained mutation: You are dopey. (Int -2) [Xom's mischief]
  4526 | D:4      | Lost mutation: You are dopey. (Int -2) [Xom's mischief]
  4526 | D:4      | Lost mutation: You are agile. (Dex +2) [Xom's mischief]
  4528 | D:4      | XOM: noise
  4749 | D:4      | Found Sadigat's Distillery.
  4789 | D:4      | XOM: chaos upgrade
  4817 | D:4      | XOM: summons 4 hostile demons
  4818 | D:4      | Noticed a neqoxec
  4818 | D:4      | Noticed a neqoxec
  4819 | D:4      | Lost mutation: You possess an exceptional clarity of mind.
                  | [a neqoxec]
  4822 | D:4      | Gained mutation: You are frail. (-10% HP) [a neqoxec]
  4833 | D:4      | Gained mutation: You are weak. (Str -2) [a neqoxec]
  4834 | D:4      | Gained mutation: Potions are less effective at restoring
                  | your health. [a neqoxec]
  4835 | D:4      | Gained mutation: Your magical capacity is low. (-10% MP) [a
                  | neqoxec]
  4837 | D:4      | Gained mutation: You are very weak. (Str -4) [a neqoxec]
  4840 | D:4      | XOM: polymorph shadow imp -> white imp
  4914 | D:4      | XOM: silly message
  5180 | D:4      | XOM: 1-stop teleportation journey
  5215 | D:4      | XOM: 3-stop teleportation journey
  5324 | D:4      | XOM: give mutations
  5324 | D:4      | Lost mutation: You can roll a great distance at foes to
                  | attack. [Xom's mischief]
  5324 | D:4      | Lost mutation: You can roll at foes to attack. [Xom's
                  | mischief]
  5436 | D:4      | XOM: noise
  5618 | D:4      | XOM: 2-stop teleportation journey
  6001 | D:4      | Mangled by a gnoll

Illustrated notes

Levels and vault maps discovered:
D:1:      zaba_arrival_water, layout_loops_cross, grunt_decor_resistance
D:2:      layout_basic, ashenzari_conservatory_becter
D:3:      layout_rooms, old_standard_altar, grunt_qazlal_clouds,
          gup_sewer_entry_glass, grunt_ministairs_10, kennysheep_pointless_box,
          hex_large
D:4:      gammafunk_wand_slinger, layout_basic, lemuel_doored_altar,
          serial_shops, nicolae_shop_window_shopping

Skill      XL: |  1  2  3  4  5  6  7 |
---------------+----------------------+-----
Dodging        | 1 |  1.0
Armour         | 2 3 |  3.5
Axes           | 4 5 6 |  6.4
Fighting       | 4 5 |  5.2

Action                   |  1- 3 |  4- 6 |  7- 9 || total
-------------------------+-------+-------+-------++-------
Melee: Hand axe          |   113 |   168 |   115 ||   396
       Tailslap          |    12 |    13 |    17 ||    42
Throw: Stone             |       |       |     3 ||     3
 Abil: Rolling Charge    |     2 |       |     1 ||     3
  Use: Potion            |     1 |       |     4 ||     5
       Scroll            |       |     2 |       ||     2
 Stab: Petrifying        |       |     2 |     1 ||     3
       Paralysed         |       |     1 |     4 ||     5
       Petrified         |       |       |     7 ||     7
       Confused          |       |       |     1 ||     1
Armor: Leather armour    |    53 |       |       ||    53
       Ring mail         |    13 |   150 |    84 ||   247
Dodge: Dodged            |    44 |    48 |    42 ||   134

Table legend: (Time is in decaauts)
 A = Elapsed time spent in this place.
 B = Non-inter-level travel time spent in this place.
 C = Inter-level travel time spent in this place.
 D = Time resting spent in this place.
 E = Time spent auto-exploring this place.
 F = Levels seen in this place.
 G = Mean time per level.
                   A        B        C        D        E       F      G
               +--------+--------+--------+--------+--------+-----+--------+
         Total |   6203 |   6102 |    101 |    727 |   3599 |   5 | 1240.6 |
       Dungeon |   4839 |   4738 |    101 |    579 |   2716 |   4 | 1209.8 |
         Sewer |   1363 |   1363 |      0 |    148 |    883 |   1 | 1363.0 |
               +--------+--------+--------+--------+--------+-----+--------+

Top non-repeatable levels by time:
     D:4: 1890 daAuts
   Sewer: 1363 daAuts
     D:1: 1044 daAuts
     D:2: 1029 daAuts
     D:3: 876 daAuts
